 Dungeon Crawl Stone Soup version 0.31.0-1-g2c135a008e (webtiles) character file.

Game seed: 6106579880659073530

247 qw the Shooter (level 6, -7/46 HPs)
             Began as a Djinni Hunter on Jan 23, 2024.
             Was an Initiate of Okawaru.
             Mangled by Terence
             ... wielding a +2 hand axe of freezing
              (8 damage)
             ... on level 3 of the Dungeon.
             The game lasted 00:00:11 (2031 turns).

qw the Shooter (Djinni Hunter)                      Turns: 2031, Time: 00:00:12

Health: -7/46      AC:  6    Str: 10    XL:     6   Next: 33%
Gold:   13         EV: 11    Int: 11    God:    Okawaru [......] SH:  0 Dex: 18

rFire   + + .        a - +1 shortbow
rCold   x . .        (shield currently unavailable)
rNeg    . . .        b - +0 ring mail
rPois   inf          k - +0 helmet
rElec   .            (no cloak)
rCorr   .            (no gloves)
SInv    .            (boots unavailable)
Will    .....        (no amulet)
Stlth   +            (no ring)
HPRegen 0.27/turn    (no ring)
MPRegen 0.00/turn

%: infuse magic (-8 HP)
@: flying
A: sickness immunity, fire resistance 2, cold vulnerability 1, float, innate
caster, HP casting, extra vitality 1
a: Renounce Religion


You were on level 3 of the Dungeon.
You worshipped Okawaru.
Okawaru was noncommittal.
You visited 1 branch of the dungeon, and saw 3 of its levels.

You collected 183 gold pieces.
You spent 170 gold pieces at shops.


Innate Abilities, Weirdness & Mutations

You are immune to sickness and miasma.
You are immune to poison.
Your flesh is very heat resistant. (rF++)
You are vulnerable to cold. (rC-)
You float through the air rather than walking.
You learn spells naturally, not from books.
Your magical power is your life essence.
You have superior vitality. (+4 MHP)


   Skills:
 + Level 3.2 Fighting
 - Level 5.0 Ranged Weapons
 - Level 1.4 Armour
 - Level 3.0 Dodging
 - Level 0.7 Stealth


You knew the following spells:

 Your Spells              Type           Power      Damage    Failure   Level
a - Sandblast             Erth           0%         2d4       65%         1
b - Ensorcelled Hibernat  Hex/Ice        0%         N/A       80%         2
Your spell library was empty.

Inventory:

Hand Weapons
 a - a +1 shortbow (weapon)
Armour
 b - a +0 ring mail (worn)
 c - the +0 robe of Soguc {rElec Will+ Dex+2 Slay+3}
   (You bought it in a shop on level 3 of the Dungeon)

   Dex+2:     It affects your dexterity (+2).
   Slay+3:    It affects your accuracy & damage with ranged weapons and melee
   (+3).
   rElec:     It insulates you from electricity.
   Will+:     It increases your willpower.
 k - a +0 helmet (worn)
Scrolls
 d - 2 scrolls of identify
Potions
 e - a potion of enlightenment
 f - a potion of mutation {unknown}
 g - a potion of curing
 m - a potion of haste {unknown}
 n - a potion of cancellation {unknown}

Dungeon Overview and Level Annotations

Branches:
Dungeon (3/15)

Altars:
Okawaru

Shops:
D:3 *[[

Annotations:
D:3 Terence


Message History

You shoot an arrow. The arrow closely misses Terence.
You shoot an arrow. The arrow barely misses Terence.
Terence hits you with a +2 hand axe of freezing.
Terence freezes you.
You shoot an arrow. The arrow barely misses Terence.
Terence completely misses you.
You shoot an arrow. The arrow hits Terence.
Terence is lightly wounded.
Terence hits you with a +2 hand axe of freezing.
Terence freezes you.
You shoot an arrow.
The arrow hits Terence but does no damage.
Terence is lightly wounded.
Terence completely misses you.
You shoot an arrow. The arrow hits Terence.
Terence is moderately wounded.
Terence hits you with a +2 hand axe of freezing!
Terence freezes you.
Terence hits you with a +2 hand axe of freezing.
Terence freezes you.
You shoot an arrow. The arrow hits Terence.
Terence is heavily wounded.
Terence hits you with a +2 hand axe of freezing.
Terence freezes you.
You shoot an arrow.
The arrow hits Terence but does no damage.
Terence is heavily wounded.
Terence barely misses you.
You shoot an arrow. The arrow hits Terence.
Terence is almost dead.
Terence hits you with a +2 hand axe of freezing.
Terence freezes you.
Terence hits you with a +2 hand axe of freezing.
Terence freezes you.
You shoot an arrow.
The arrow hits Terence but does no damage.
Terence is almost dead.
Terence hits you with a +2 hand axe of freezing!
You die...
Terence says, "That felt goooood."

....# ###.# ##.. #.#
.... #.# .._ #.# ##.. #
#.# ##########..# #
#.###...........####..
#.#.............[$......
..#..##.### #.@@......
###.....#######.#####.##
##....#................
........##.........##.#
..#.....##..........#
..#.....##.............
..#.....##.............
..#.....###########....
..#.....# ....


You could see Terence.

Vanquished Creatures
  3 orc priests (D:3)
  Natasha (twice) (D:2)
  An orc wizard (D:3)
  An adder (D:2)
  A ribbon worm (D:2)
  2 dart slugs (D:1)
  6 orcs (D:3)
  4 ball pythons
  6 bats
  10 endoplasms
  A giant cockroach (D:2)
  3 goblins
  6 hobgoblins
  2 jackals (D:2)
  4 kobolds
  A quokka (D:2)
  4 frilled lizards
  5 rats
62 creatures vanquished.

Notes
Turn   | Place    | Note
-------+----------+-------------------------------------------
     0 | D:1      | qw the Djinni Hunter began the quest for the Orb.
     0 | D:1      | Reached XP level 1. HP: 18/18 MP: 0/0
     0 | D:1      | 0 ||| qw: Version: 0.3-a-134-g2ba4250
     0 | D:1      | 0 ||| qw: Game counter: 701
     0 | D:1      | 0 ||| qw: Melee chars always use a shield: true
     0 | D:1      | 0 ||| qw: God list: Okawaru
     0 | D:1      | 0 ||| qw: Allow faded altars: false
     0 | D:1      | 0 ||| qw: Do Orc after clearing Dungeon:15 true
     0 | D:1      | 0 ||| qw: Do second Lair branch before Depths: true
     0 | D:1      | 0 ||| qw: Lair rune preference: random
     0 | D:1      | 0 ||| qw: Goals: Normal
     0 | D:1      | 0 ||| PLANNING D:1-11
    54 | D:1      | Reached XP level 2. HP: 23/23 MP: 0/0
   235 | D:1      | Reached skill level 4 in Ranged Weapons
   235 | D:1      | Reached XP level 3. HP: 28/28 MP: 0/0
   235 | D:1      | Learned a level 1 spell: Sandblast
   456 | D:1      | 456 ||| UPGRADING to +0 helmet.
   461 | D:1      | 461 ||| READING 3 scrolls labelled VIEXKU UMEERPH.
   462 | D:1      | 462 ||| READING scroll labelled ICUXTIESYT.
   466 | D:1      | 466 ||| READING scroll labelled KOPSAI KOAM.
   567 | D:1      | 567 ||| READING scroll labelled ENEQIPLE TODELLI.
   668 | D:1      | 668 ||| READING scroll labelled SULEKEP EMON.
   669 | D:1      | 669 ||| DRINKING 2 orange potions.
   670 | D:1      | 670 ||| DROPPING scroll of butterflies.
   671 | D:1      | 671 ||| DROPPING 2 scrolls of amnesia.
   852 | D:2      | Noticed Natasha
   861 | D:2      | Killed Natasha
   862 | D:2      | Reached skill level 3 in Fighting
   862 | D:2      | Reached XP level 4. HP: 27/35 MP: 0/0
  1143 | D:2      | Reached skill level 3 in Dodging
  1317 | D:2      | Noticed Natasha
  1330 | D:2      | Killed Natasha
  1331 | D:2      | Reached XP level 5. HP: 29/40 MP: 0/0
  1331 | D:2      | Learned a level 2 spell: Ensorcelled Hibernation
  1396 | D:2      | 1396 ||| READING scroll labelled CUMOKLUIHO.
  1397 | D:2      | 1397 ||| READING 2 scrolls labelled MAT CIRYPRASCH.
  1397 | D:2      | 1397 ||| IDENTIFYING blue potion
  1398 | D:2      | 1398 ||| READING scroll of identify.
  1398 | D:2      | 1398 ||| IDENTIFYING bubbling white potion
  1399 | D:2      | 1399 ||| READING 2 scrolls labelled FUDE SIULAEHEN.
  1400 | D:2      | 1400 ||| READING scroll labelled XOLYVE CUSYARY.
  1400 | D:2      | 1400 ||| ENCHANTING +0 shortbow.
  1401 | D:2      | 1401 ||| DRINKING 2 bubbling puce potions.
  1402 | D:2      | 1402 ||| DRINKING 2 yellow potions.
  1403 | D:2      | 1403 ||| DROPPING potion of brilliance.
  1404 | D:2      | 1404 ||| DROPPING potion of magic.
  1405 | D:2      | 1405 ||| DROPPING scroll of immolation.
  1478 | D:3      | HP: 9/40 [orc priest/+0 short sword (5)]
  1479 | D:3      | 1479 ||| DRINKING potion of heal wounds.
  1483 | D:3      | 1483 ||| FLEEEEING.
  1484 | D:3      | 1484 ||| FLEEEEING.
  1485 | D:3      | 1485 ||| FLEEEEING.
  1486 | D:3      | 1486 ||| FLEEEEING.
  1487 | D:3      | 1487 ||| FLEEEEING.
  1488 | D:3      | 1488 ||| FLEEEEING.
  1489 | D:3      | 1489 ||| FLEEEEING.
  1490 | D:3      | 1490 ||| FLEEEEING.
  1491 | D:3      | 1491 ||| FLEEEEING.
  1496 | D:3      | 1496 ||| FLEEEEING.
  1497 | D:3      | 1497 ||| FLEEEEING.
  1498 | D:3      | 1498 ||| FLEEEEING.
  1499 | D:3      | 1499 ||| FLEEEEING.
  1500 | D:3      | 1500 ||| FLEEEEING.
  1501 | D:3      | 1501 ||| FLEEEEING.
  1502 | D:3      | 1502 ||| FLEEEEING.
  1503 | D:3      | 1503 ||| FLEEEEING.
  1504 | D:3      | 1504 ||| FLEEEEING.
  1505 | D:3      | 1505 ||| FLEEEEING.
  1506 | D:3      | 1506 ||| FLEEEEING.
  1507 | D:3      | 1507 ||| FLEEEEING.
  1508 | D:3      | 1508 ||| FLEEEEING.
  1580 | D:3      | Found an iron altar of Okawaru.
  1581 | D:3      | 1581 ||| PLANNING OKAWARU WORSHIP
  1581 | D:3      | 1581 ||| UPGRADING to +0 ring mail.
  1591 | D:3      | 1591 ||| DROPPING +0 leather armour.
  1598 | D:3      | Became a worshipper of Warmaster Okawaru
  1599 | D:3      | 1599 ||| PLANNING D:1-11
  1616 | D:3      | Found Xuellaxu's Antique Armour Shoppe.
  1617 | D:3      | Found a faded altar of an unknown god.
  1643 | D:3      | 1643 ||| BUYING dazzling robe (153 gold).
  1643 | D:3      | Bought a dazzling robe for 153 gold pieces
  1643 | D:3      | Identified the +0 robe of Soguc {rElec Will+ Dex+2 Slay+3}
                  | (You bought it in a shop on level 3 of the Dungeon)
  1643 | D:3      | 1643 ||| SHOPLISTING pair of gloves (121 gold, have 12).
  1643 | D:3      | 1643 ||| SHOPLISTING pair of runed gloves (202 gold, have
                  | 12).
  1643 | D:3      | 1643 ||| SHOPLISTING runed cloak (202 gold, have 12).
  1643 | D:3      | 1643 ||| SHOPLISTING shiny ring mail (189 gold, have 12).
  1669 | D:3      | Found Ymunost's Armour Emporium.
  1678 | D:3      | 1678 ||| SHOPLISTING +0 cloak (45 gold, have 30).
  1678 | D:3      | 1678 ||| SHOPLISTING +0 ring mail "Isuosseq" {rElec rF++}
                  | (355 gold, have 30).
  1678 | D:3      | 1678 ||| SHOPLISTING +2 hat (160 gold, have 30).
  1678 | D:3      | 1678 ||| SHOPLISTING +2 ring mail of cold resistance (210
                  | gold, have 30).
  1715 | D:3      | Reached skill level 1 in Armour
  1715 | D:3      | Reached XP level 6. HP: 46/46 MP: 0/0
  1751 | D:3      | HP: 9/46 [orc priest/+3 mace (5)]
  1754 | D:3      | Reached skill level 5 in Ranged Weapons
  1906 | D:3      | Found Zopnaex's Assorted Antiques.
  1915 | D:3      | 1915 ||| BUYING puce potion (17 gold).
  1915 | D:3      | Bought a puce potion for 17 gold pieces
  1915 | D:3      | 1915 ||| SHOPLISTING scroll of identify (38 gold, have 13).
  1915 | D:3      | 1915 ||| SHOPLISTING scroll of teleportation (57 gold, have
                  | 13).
  1915 | D:3      | 1915 ||| SHOPLISTING transparent ring mail (171 gold, have
                  | 13).
  2019 | D:3      | Noticed Terence
  2028 | D:3      | HP: 11/46 [Terence/+2 hand axe of freezing (5)]
  2030 | D:3      | HP: 3/46 [Terence/+2 hand axe of freezing (3)]
  2030 | D:3      | HP: 1/46 [Terence/+2 hand axe of freezing (1)]
  2031 | D:3      | Mangled by Terence

Levels and vault maps discovered:
D:1:      eino_arrival_cavern_e, layout_rooms
D:2:      layout_loops_cross, minmay_fractal_squares_gapless_5, uniq_natasha
D:3:      layout_basic, mainiacjoe_overflow_small_starburst,
          mainiacjoe_overflow_alcove_2, mainiacjoe_overflow_alcove_1,
          serial_shops, nicolae_lakefront_shop, nicolae_shop_tiny_glass,
          nicolae_shop_tiny_waterfront, ebering_ecumenical_altar_petrified,
          minmay_misc_feat_square, st_stairs_1, uniq_terence

Skill      XL: |  1  2  3  4  5  6 |
---------------+-------------------+-----
Ranged Weapons | 4 5 |  5.0
Fighting       | 3 |  3.2
Dodging        | 3 |  3.0
Armour         | 1 |  1.4
Stealth        | |  0.7

Action                     |  1- 3 |  4- 6 || total
---------------------------+-------+-------++-------
   Fire: Shortbow          |    86 |   159 ||   245
    Use: Scroll            |     5 |     5 ||    10
         Potion            |     1 |     3 ||     4
 Armour: Leather armour    |    17 |    25 ||    42
         Ring mail         |       |    26 ||    26
  Dodge: Dodged            |    19 |    47 ||    66

Table legend:
 A = Non-vault XP
 B = Vault XP
 C = Vault XP percentage of total XP
 D = Non-vault monster count
 E = Vault monster count
 F = Vault count percentage of total count
                 A         B        C        D         E       F
            +---------+---------+-------+---------+---------+-------
      Total |     309 |      44 |  12.5 |      55 |       7 |  11.3
            +---------+---------+-------+---------+---------+-------
        D:1 |      35 |       0 |   0.0 |      18 |       0 |   0.0
        D:2 |      86 |      44 |  33.8 |      20 |       7 |  25.9
        D:3 |     188 |       0 |   0.0 |      17 |       0 |   0.0
            +---------+---------+-------+---------+---------+-------
